 Dungeon Crawl Stone Soup version 0.24.0-1-gfbc8707 (webtiles) character file.

Game seed: 16671646752728711330, levelgen mode: deterministic

22 Buxparty the Sneak (level 2, -2/14 HPs)
             Began as a Spriggan Assassin on Jan 2, 2020.
             Slain by a kobold
             ... wielding a +0 short sword
              (6 damage)
             ... on level 2 of the Dungeon.
             The game lasted 00:01:16 (573 turns).

Buxparty the Sneak (Spriggan Assassin)               Turns: 573, Time: 00:01:16

Health: -2/14      AC:  3    Str:  7    XL:     2   Next: 68%
Magic:  3/3        EV: 18    Int: 12    God:
Gold:   56         SH:  0    Dex: 17    Spells: 1/1 levels left

rFire    . . .     SeeInvis +   a - +2 dagger
rCold    . . .     Gourm    .   (shield restricted)
rNeg     . . .     Faith    .   b - +0 robe
rPois    .         Spirit   .   (helmet restricted)
rElec    .         Reflect  .   c - +0 cloak
rCorr    .         Harm     .   (gloves unavailable)
MR       .....                  (boots unavailable)
Stlth    +++.......             g - amulet of rage
HPRegen  0.04/turn              (no ring)
MPRegen  0.08/turn              (no ring)

@: very quick
A: very small, unfitting armour, see invisible, herbivore, speed 3, slow
metabolism 2
a: Evoke Berserk Rage


You were on level 2 of the Dungeon.
You were not hungry.

You visited 1 branch of the dungeon, and saw 2 of its levels.

You collected 56 gold pieces.

Inventory:

Hand Weapons
 a - a +2 dagger (weapon)
Missiles
 d - 8 poisoned darts (quivered)
 e - 2 curare-tipped darts
Armour
 b - a +0 robe (worn)
 c - a +0 cloak (worn)
Jewellery
 g - an amulet of rage (around neck)
Scrolls
 h - 5 scrolls of identify {unknown}
 j - a scroll of magic mapping {unknown}
 l - 2 scrolls of teleportation {unknown}
 m - a scroll of blinking {unknown}
Potions
 i - 3 potions of heal wounds {unknown}
 k - a potion of berserk rage {unknown}
 n - a potion of curing {unknown}
Comestibles
 f - 3 rations


   Skills:
 - Level 1.5 Fighting
 + Level 2.7 Short Blades
 - Level 2.0 Throwing
 + Level 2.6 Dodging
 + Level 6.3 Stealth


You had one spell level left.
You didn't know any spells.
Your spell library was empty.

Dungeon Overview and Level Annotations

Branches:
Dungeon (2/15)

Altars:


Innate Abilities, Weirdness & Mutations

You are very small and have problems with some larger weapons.
You are too small for most types of armour.
You have supernaturally acute eyesight. (SInv)
You are a herbivore.
You cover ground extremely quickly.
You need to consume almost no food.


Message History

The hobgoblin is severely wounded.
The hobgoblin closely misses you.
You hit the hobgoblin but do no damage.
The hobgoblin is heavily wounded.
The hobgoblin completely misses you. The dart slug launches a dart at you.
The slug dart hits you.
Things that are here:
a +0 club; a goblin corpse You hit the hobgoblin.
You kill the hobgoblin!
The kobold misses you.
You see here a +0 club.
You hit the kobold but do no damage. The kobold misses you.
The kobold hits you with a +0 short sword.
* * * LOW HITPOINT WARNING * * *
You see here a +0 club.
You closely miss the kobold.
The kobold hits you with a +0 short sword.
You die...

#...<##.#.#?.#
###...#.....#
.......#.......##..
######.............>
#####..........
##....#####.....
#..##.# #.... ####
#.###.# #... ... #@#
#.# ... #.# #K# #.#
#..##w# #.#
#..#)###.#
######..).##.##
##......#......#
##?........###....
#........!.# ...
#...$......# ..


You could see a dart slug and a kobold.

Vanquished Creatures
  An adder (D:2)
  A leopard gecko (D:1)
  A giant cockroach (D:1)
  4 goblins
  A hobgoblin (D:2)
  A bat (D:1)
  A frilled lizard (D:1)
  2 rats
12 creatures vanquished.

Notes
Turn   | Place    | Note
-------+----------+-------------------------------------------
     0 | D:1      | Buxparty the Spriggan Assassin began the quest for the Orb.
     0 | D:1      | Reached XP level 1. HP: 10/10 MP: 2/2
    69 | D:1      | Reached skill level 6 in Stealth
   254 | D:1      | Reached XP level 2. HP: 14/14 MP: 3/3
   573 | D:2      | Slain by a kobold

Levels and vault maps discovered:
D:1:      co_arrival_random_square_maze, layout_rooms, minmay_distorted
D:2:      layout_rooms, nicolae_overflow_crystal_walls, uniq_jessica

Skill      XL: |  1 |
---------------+----+-----
Stealth        | 6 |  6.3
Dodging        | 2 |  2.6
Fighting       | |  1.5
Short Blades   | |  2.7
Throwing       | |  2.0

Action                   || total
-------------------------++-------
Melee: Dagger            ||    45
 Stab: Sleeping          ||     3
Armor: Robe              ||     7
Dodge: Dodged            ||    40
